 Dungeon Crawl Stone Soup version 0.26.1-11-gd32895ea62 (webtiles) character file.

Game seed: 16688376915252484072

821 Descartes the Nimble (level 7, 0/36 HPs)
             Began as a Deep Elf Hedge Wizard on Apr 24, 2021.
             Was an Initiate of Gozag.
             Slain by an ice beast (10 damage)
             ... on level 5 of the Dungeon.
             The game lasted 00:16:23 (6653 turns).

Descartes the Nimble (Deep Elf Hedge Wizard)        Turns: 6653, Time: 00:16:23

Health: 0/36       AC:  4    Str:  7    XL:     7   Next: 63%
Magic:  10/16      EV: 17    Int: 21    God:    Gozag
Gold:   402        SH:  0    Dex: 14    Spells: 15/16 levels left

rFire    . . .     SeeInvis .   a - +0 dagger
rCold    . . .     Faith    .   (no shield)
rNeg     . . .     Spirit   .   b - +0 robe
rPois    .         Reflect  .   c - +1 hat
rElec    .         Harm     .   (no cloak)
rCorr    .         Rampage  .   f - +0 pair of gloves
Will     .....                  (no boots)
Stlth    ++........             (no amulet)
HPRegen  0.12/turn              (no ring)
MPRegen  0.15/turn              (no ring)

@: no status effects
A: no striking features
a: Renounce Religion, Potion Petition, Call Merchant, Bribe Branch


You were on level 5 of the Dungeon.
You worshipped Gozag.
Gozag was aware of your devotion.
You visited 2 branches of the dungeon, and saw 6 of its levels.
You also visited: Sewer.

You collected 486 gold pieces.
You paid 84 gold pieces to Gozag.

Inventory:

Hand Weapons
 a - a +0 dagger (weapon)
Missiles
 d - 2 atropa-tipped darts
 g - 56 arrows
 h - 231 stones
 j - 12 poisoned darts
 w - 16 sling bullets
Armour
 b - a +0 robe (worn)
 c - a +1 hat (worn)
 f - a +0 pair of gloves (worn)
Magical Staves
 q - an uncursed staff of cold
Scrolls
 e - a scroll of fog
 i - 2 scrolls of immolation {unknown}
 k - 3 scrolls of enchant armour
 l - 3 scrolls of teleportation
 m - 3 scrolls of amnesia
 o - a scroll of identify
 t - a scroll of enchant weapon {unknown}
 u - a scroll of fear
 v - 2 scrolls of remove curse
Potions
 n - a potion of degeneration {unknown}
 p - a potion of berserk rage {unknown}
 r - 3 potions of attraction
 s - 2 potions of flight {unknown}
 x - 2 potions of heal wounds {unknown}
 z - a potion of might {unknown}
 A - a potion of brilliance {unknown}
 B - a potion of curing


   Skills:
 + Level 8.8 Dodging
 - Level 2.4 Stealth
 - Level 5.0 Spellcasting
 - Level 5.0 Conjurations
 - Level 1.1 Summonings
 - Level 1.1 Translocations


You had 15 spell levels left.
You knew the following spells:

 Your Spells              Type           Power        Failure   Level
a - Magic Dart            Conj           100%         1%          1

Your spell library contained the following spells:

 Spells                   Type           Power        Failure   Level
 Blink                    Tloc           N/A          11%         2
 Call Imp                 Summ           9%           11%         2
 Conjure Flame            Conj/Fire      15%          12%         3
 Slow                     Hex            5%           16%         2
 Mephitic Cloud           Conj/Pois/Air  12%          17%         3


Dungeon Overview and Level Annotations

Branches:
Dungeon (5/15)             Temple (1/1) D:4           Sewer (visited)

Altars:
Elyvilon
Fedhas
Gozag
Makhleb
Nemelex Xobeh
Okawaru
Trog
Uskayaw
Vehumet
Xom
Yredelemnul
Zin

Annotations:
D:4 Sigmund


Message History

Casting: Magic Dart (safe; 1% risk of failure)
Confirm with . or Enter, or press ? or * to list all spells.
Aiming: Magic Dart (safe; 1% risk of failure)
Press: ? - help, Shift-Dir - straight line, f/p - ice beast
Aim: an ice beast (heavily wounded, 0% to evade)
The magic dart hits the ice beast but does no damage.
The ice beast is heavily wounded.
The ice beast hits you. The ice beast freezes you!
Casting: Magic Dart (safe; 1% risk of failure)
Confirm with . or Enter, or press ? or * to list all spells.
Aiming: Magic Dart (safe; 1% risk of failure)
Press: ? - help, Shift-Dir - straight line, f/p - ice beast
Aim: an ice beast (heavily wounded, 0% to evade)
The magic dart hits the ice beast.
The ice beast is severely wounded.
The ice beast hits you.
* * * LOW HITPOINT WARNING * * *
The ice beast freezes you!
You die...
Your body crumbles into a pile of gold.

.##≈≈.)≈##..##...##...#,,...,,,,,
.##≈≈≈≈≈##.......#....#,,.....,,,
.................#....#,,.......,
........##'###...#....#,,...#.#.,
..#####......#...#..,,',,.###.#**
..#,,,#......#'###*,,,*,,##8,,.8*
###,,,#......#...#*,,,*,**,,,,,,,
,,,,,,#......#...#*,,,*,*8,,,_,,,
,,,,,,#......#..@#*,,,*,**,,,,,,,
,,,,,,#......#...Y....#****8,,,8*
***,,,#......#...##.....,,***8***
####+#......#...#*,....,,,,***,,
#......#**+*#....,,,...,,,,,*,,,
#......#,,,,....#*,,,##,,,,,*,,,
#......#,,,.....#*,,,**,,,,,+,,,
##......+,,.##...#*,,,**,,,***,,,
.#......#,,,**,,,**,,,**,,,****+*


You could see an ice beast.

Vanquished Creatures
  A sky beast (D:5)
  A phantom (D:5)
  3 big kobolds (Sewer)
  A scorpion (D:4)
  An orc priest (D:4)
  An iguana (D:4)
  2 orc wizards (D:4)
  A worker ant (D:5)
  A hound zombie (D:5)
  10 adders
  A white imp (D:5)
  3 oozes
  An adder skeleton (D:5)
  A worm (D:2)
  2 dart slugs
  3 leopard geckos
  8 orcs
  6 ball pythons
  5 bats
  7 giant cockroaches
  12 goblins
  5 hobgoblins
  11 jackals
  23 kobolds
  A quokka (D:3)
  5 frilled lizards
  2 quokka skeletons
  7 rats
125 creatures vanquished.

Vanquished Creatures (others)
  A bat (D:3)
  A plant (Sewer)
2 creatures vanquished.

Grand Total: 127 creatures vanquished

Notes
Turn   | Place    | Note
-------+----------+-------------------------------------------
     0 | D:1      | Descartes the Deep Elf Hedge Wizard began the quest for the
                  | Orb.
     0 | D:1      | Reached XP level 1. HP: 10/10 MP: 7/7
   265 | D:1      | Reached XP level 2. HP: 15/15 MP: 1/9
   572 | D:1      | Reached skill level 5 in Spellcasting
  1022 | D:1      | Reached XP level 3. HP: 19/19 MP: 5/11
  1626 | D:2      | Found a faded altar of an unknown god.
  1643 | D:2      | Reached XP level 4. HP: 14/24 MP: 3/13
  2675 | D:3      | Reached skill level 5 in Conjurations
  2703 | D:2      | Reached XP level 5. HP: 16/28 MP: 14/14
  3059 | D:3      | Found an iron altar of Okawaru.
  3071 | D:3      | Reached skill level 3 in Dodging
  4005 | D:4      | Reached skill level 4 in Dodging
  4166 | D:4      | Reached skill level 5 in Dodging
  4166 | D:4      | Reached XP level 6. HP: 19/32 MP: 8/15
  4414 | D:4      | Noticed Sigmund
  4583 | D:4      | Found a staircase to the Ecumenical Temple.
  4611 | D:4      | Found a shimmering altar of Xom.
  5166 | D:5      | Entered Level 5 of the Dungeon
  5213 | Temple   | Entered the Ecumenical Temple
  5370 | Temple   | Became a worshipper of Gozag Ym Sagoz the Greedy
  5515 | D:5      | Reached skill level 6 in Dodging
  5520 | D:5      | Noticed a sky beast
  5528 | D:5      | Killed a sky beast
  5535 | D:5      | Found a glowing drain.
  5550 | Sewer    | Entered a sewer
  5920 | Sewer    | Reached skill level 7 in Dodging
  6050 | Sewer    | Reached XP level 7. HP: 8/36 MP: 7/16
  6301 | Sewer    | Reached skill level 8 in Dodging
  6653 | D:5      | Slain by an ice beast

Illustrated notes

Levels and vault maps discovered:
D:1:      kennysheep_arrival_forest, layout_loops_cross, nrook_mini_backslash,
          serial_bayou_pond_e, fountainhead
D:2:      layout_basic, chequers_ecumenical_altar_simple_redux
D:3:      layout_loops_ring, nicolae_overflow_hidden_temple, st_stairs_10,
          lemuel_altar_in_water
D:4:      layout_loops_corners, marbit_many_paths, minmay_temple_entry_slanted,
          corexii_shack, uniq_sigmund
D:5:      layout_gridville, lemuel_round_altar, nzn_wu_jian_council_hall,
          cheibrodos_sewer_entry_sluice, vehumet_altar_wand_db
Temple:   hc_temple_tempest_star

Skill      XL: |  1  2  3  4  5  6  7 |
---------------+----------------------+-----
Conjurations   | 2 3 5 |  5.0
Spellcasting   | 5 |  5.0
Dodging        | 5 7 8 |  8.8
Stealth        | |  2.4
Summonings     | |  1.1
Translocations | |  1.1

Action                   |  1- 3 |  4- 6 |  7- 9 || total
-------------------------+-------+-------+-------++-------
Melee: Dagger            |     7 |     7 |     5 ||    19
 Cast: Magic Dart        |    91 |   207 |    50 ||   348
  Use: Potion            |       |     4 |     2 ||     6
       Scroll            |       |     9 |       ||     9
 Stab: Invisible         |       |     1 |       ||     1
Armor: Robe              |     4 |    14 |     1 ||    19
Dodge: Dodged            |    24 |    66 |    20 ||   110
